 Dungeon Crawl Stone Soup version 0.28.0 (webtiles) character file.

Game seed: 15866020561526676436

226 croobank the Sneak (level 6, -2/36 HPs)
             Began as an Octopode Conjurer on Feb 11, 2022.
             Splashed by a jelly's acid (9 damage)
             ... summoned by an orc priest
             ... on level 4 of the Dungeon.
             The game lasted 00:11:50 (2566 turns).

croobank the Sneak (Octopode Conjurer)              Turns: 2566, Time: 00:11:51

Health: -2/36      AC: -3    Str:  6    XL:     6   Next: 1%
Magic:  10/10      EV: 13    Int: 23    God:
Gold:   51         SH:  0    Dex: 10    Spells: 5/11 levels left

rFire   . . .      SeeInvis .   a - +2 dagger (venom)
rCold   . . .      Faith    .   (no shield)
rNeg    . . .      Spirit   .   (helmet restricted)
rPois   .          Reflect  .   f - amulet of magic regeneration
rElec   .          Harm     .   (no ring)
rCorr   .          Rampage  .   (no ring)
Will    .....                   (no ring)
Stlth   +++.......              (no ring)
HPRegen 0.12/turn               (no ring)
MPRegen 0.52/turn               (no ring)
                                (no ring)
                                (no ring)

@: brilliant, corroded, flying
A: almost no armour, amphibious, 8 rings, camouflage 1, gelatinous body 1,
(nimble swimmer 1), tentacles
a: no special abilities


You were on level 4 of the Dungeon.
You visited 1 branch of the dungeon, and saw 4 of its levels.

You collected 51 gold pieces.

Inventory:

Hand Weapons
 a - a +2 dagger of venom (weapon)
 b - a +0 hand crossbow
 e - a +0 bardiche
 h - a +0 mace
 t - a +0 war axe
Missiles
 c - 44 arrows
 j - 89 stones
 k - 8 poisoned darts
 n - 3 curare-tipped darts
 q - 15 bolts
Magical Staves
 p - a staff of death
Jewellery
 f - an amulet of magic regeneration (around mantle)
 r - an amulet of faith
Wands
 l - a wand of iceblast (4)
 m - a wand of mindburst (14)
Potions
 d - a potion of flight
 i - 2 potions of attraction {unknown}
 o - 3 potions of curing {unknown}
 s - a potion of degeneration {unknown}


   Skills:
 + Level 3.2 Dodging
 + Level 4.7 Stealth
 + Level 3.1 Spellcasting
 + Level 4.7 Conjurations
 + Level 1.8 Necromancy


You had 5 spell levels left.
You knew the following spells:

 Your Spells              Type           Power      Damage    Failure   Level
a - Magic Dart            Conj           100%       1d8       1%          1
b - Vampiric Draining     Necr           17%        2d7       17%         3
c - Searing Ray           Conj           76%        2d7       2%          2

Your spell library contained the following spells:

 Spells                   Type           Power      Damage    Failure   Level
 Animate Skeleton         Necr           34%        N/A       5%          1
 Pain                     Necr           68%        1d7       5%          1
 Dazzling Flash           Conj/Hex       42%        N/A       13%         3
 Fulminant Prism          Conj/Hex       10%        3d9       41%         4
 Iskenderun's Mystic Bla  Conj/Tloc      21%        2d6       41%         4


Dungeon Overview and Level Annotations

Branches:
Dungeon (4/15)
 Temple: D:4-7

Altars:
Uskayaw

Annotations:
D:3 Sigmund


Innate Abilities, Weirdness & Mutations

You cannot wear most types of armour.
You are amphibious.
You can wear up to eight rings at the same time.
Your skin changes colour to match your surroundings (Stealth+).
Your rubbery body absorbs attacks. (AC +1, EV +1)
((You are camouflaged when in or above water. (Stealth+)))
You have tentacles for arms and can constrict up to eight enemies at once.


Message History

You are no longer poisoned.
An orc wizard comes into view. It is wielding a +0 dagger.
Casting: Magic Dart (safe; 1% risk of failure)
Confirm with . or Enter, or press ? or * to list all spells.
Aiming: Magic Dart (safe; 1% risk of failure)
Press: ? - help, Shift-Dir - straight line, f - orc wizard
Aim: an orc wizard, wielding a +0 dagger and wearing a +0 robe (wandering, hasn't noticed you, 100% to hit)
The magic dart hits the orc wizard.
The orc wizard is moderately wounded.
The orc wizard shouts!
You hear an angry hiss.
You hear a shout! x2
An orc priest comes into view. It is wielding a +0 dagger.
The orc priest reads a scroll.
Wisps of shadow swirl around the orc priest.
The orc wizard gestures at you while chanting.
You resist with some effort.
You aren't carrying any scrolls.
Okay, then.
An iguana comes into view.
The orc wizard casts a spell at you. The magic dart hits you!
The orc wizard casts a spell.
The orc wizard flickers and vanishes!
Deactivating autopickup; reactivate with Ctrl-A.
You see here a scorpion corpse.
A magic dart appears from out of thin air!
The magic dart hits you!
A puff of flame appears from out of thin air!
The puff of flame hits you!
* * * LOW HITPOINT WARNING * * *
You are too injured to fight recklessly!
It was a potion of flight.
You feel very buoyant.
You fly up into the air.
The iguana misses you.
An orc wizard comes into view. It is wielding a +0 dagger.
It was a potion of brilliance.
You feel clever all of a sudden. The jelly hits you.
* * * LOW HITPOINT WARNING * * *
The acid corrodes you!
You are splashed with acid!
You die...

### ..### #.....
..... ### #.... .
#@##..#
..###lJ..##
#.....h....#
......o...##
........†####
##......w#..## ##.
#...###....w# #..
#.o. ####.####..#
#...##.###.###...#


You could see a worm (summoned), an iguana, a hound (summoned), a jelly
(summoned), an orc priest and an orc wizard.

Vanquished Creatures
  A scorpion (D:4)
  A hound (D:4)
  A gnoll shaman (D:4)
  3 gnolls (D:4)
  2 adders
  An adder skeleton (D:4)
  A worm (D:2)
  A dart slug (D:4)
  An orc (D:4)
  3 endoplasms
  4 giant cockroaches
  5 goblins
  8 hobgoblins
  5 kobolds
  2 quokkas
  6 ball pythons
  3 bats
  2 frilled lizards
  5 rats
55 creatures vanquished.

Notes
Turn   | Place    | Note
-------+----------+-------------------------------------------
     0 | D:1      | croobank the Octopode Conjurer began the quest for the Orb.
     0 | D:1      | Reached XP level 1. HP: 11/11 MP: 3/3
   252 | D:1      | Found a faded altar of an unknown god.
   431 | D:1      | Reached XP level 2. HP: 17/17 MP: 1/5
   877 | D:2      | Reached XP level 3. HP: 21/21 MP: 4/6
   990 | D:2      | Learned a level 3 spell: Vampiric Draining
  1871 | D:3      | Reached XP level 4. HP: 24/27 MP: 7/7
  1997 | D:3      | Noticed Sigmund
  2226 | D:4      | Learned a level 2 spell: Searing Ray
  2246 | D:4      | Found a hide-covered altar of Uskayaw.
  2318 | D:4      | Reached skill level 1 in Necromancy
  2318 | D:4      | Reached XP level 5. HP: 31/31 MP: 5/9
  2407 | D:4      | Identified the +0 scale mail of the Buccaneer {Will+ Int+2
                  | Slay-6}
  2443 | D:4      | Reached XP level 6. HP: 25/36 MP: 10/10
  2566 | D:4      | Splashed by a jelly's acid

Illustrated notes

Levels and vault maps discovered:
D:1:      dpeg_arrival_renting, layout_rooms,
          dreamdust_ecumenical_altar_angels_and_demons
D:2:      layout_rooms, chequers_serial_rivers_marsh,
          chequers_serial_rivers_micro_c, minmay_parallelograms,
          minmay_goblin_kobold_house
D:3:      layout_basic, serial_rivers, chequers_serial_rivers_room_a,
          chequers_serial_rivers_room_a, chequers_serial_rivers_micro_c,
          chequers_serial_rivers_small_3, chequers_serial_rivers_small_b,
          chequers_serial_rivers_marsh, chequers_serial_rivers_micro_c,
          uniq_sigmund, uniq_crazy_yiuf_cottage
D:4:      layout_cave_pools, nicolae_uskayaw_suspiria,
          kennysheep_opposing_triangles

Skill      XL: |  1  2  3  4  5 |
---------------+----------------+-----
Stealth        | 3 4 |  4.7
Necromancy     | 1 |  1.8
Dodging        | 3 |  3.2
Spellcasting   | 3 |  3.1
Conjurations   | |  4.7

Action                   |  1- 3 |  4- 6 || total
-------------------------+-------+-------++-------
Melee: Mace              |     7 |       ||     7
       Staff             |    10 |       ||    10
       Constrict         |     5 |     6 ||    11
       Tentacles         |     5 |     5 ||    10
       Bardiche          |     3 |     9 ||    12
       Dagger            |     2 |    13 ||    15
 Fire: Hand crossbow     |       |     4 ||     4
 Cast: Magic Dart        |    71 |    18 ||    89
       Searing Ray       |       |     1 ||     1
  Use: Scroll            |     3 |       ||     3
       Potion            |       |     2 ||     2
 Stab: Sleeping          |       |     1 ||     1
Armor: Skin              |     1 |     2 ||     3
Dodge: Dodged            |    18 |    19 ||    37
